 Dungeon Crawl Stone Soup version 0.30.1 (webtiles) character file.

Game seed: 8236467745462874865

25 coffeetime the Trooper (level 3, 33/33 HPs)
             Began as a Hill Orc Fighter on July 4, 2023.
             Quit the game on level 2 of the Dungeon.
             The game lasted 00:02:19 (835 turns).

coffeetime the Trooper (Hill Orc Fighter)            Turns: 835, Time: 00:02:20

Health: 33/33      AC:  8    Str: 18    XL:     3   Next: 4%
Magic:  3/3        EV:  9    Int: 10    God:
Gold:   88         SH:  4    Dex: 10    Spells: 2/2 levels left

rFire   . . .        a - +0 war axe
rCold   . . .        c - +0 buckler
rNeg    + . .        b - +0 scale mail
rPois   .            (no helmet)
rElec   .            (no cloak)
rCorr   .            (no gloves)
SInv    .            j - +0 pair of boots
Will    .....        (no amulet) Stlth
                     g - ring of positive energy
HPRegen 0.25/turn    (no ring)
MPRegen 0.08/turn

%: no passive effects
@: no status effects
A: no striking features
a: no special abilities


You were on level 2 of the Dungeon.
You visited 1 branch of the dungeon, and saw 2 of its levels.

You collected 88 gold pieces.

Inventory:

Hand Weapons
 a - a +0 war axe (weapon)
Missiles
 l - 21 stones (quivered)
Armour
 b - a +0 scale mail (worn)
 c - a +0 buckler (worn)
 j - a +0 pair of boots (worn)
Jewellery
 g - a ring of positive energy (left hand)
Scrolls
 h - a scroll of blinking {unknown}
 i - a scroll of enchant weapon {unknown}
 k - 4 scrolls of amnesia {unknown}
Potions
 d - a potion of might
 e - a potion of attraction {unknown}
 f - 2 potions of heal wounds {unknown}


   Skills:
 + Level 4.0 Fighting
 + Level 3.2 Axes
 + Level 3.6 Armour
 + Level 0.1 Dodging
 + Level 3.5 Shields


You had 2 spell levels left.
You didn't know any spells.
Your spell library contained the following spells:

 Spells                   Type           Power      Damage    Failure   Level
 Animate Dead             Necr           0%         N/A       100%        4
 Haunt                    Necr/Summ      0%         N/A       100%        7
 Infestation              Necr           0%         N/A       100%        8


Dungeon Overview and Level Annotations

Branches:
Dungeon (2/15)

Altars:
Ashenzari


Message History

Things that are here:
a +0 dagger; a kobold skeleton
There is an open door here.
Found an escape hatch in the floor.
There is an escape hatch in the floor here.
There is an open door here.
l - 21 stones (gained 4)
You see here a +0 dagger.
Done exploring.
Done exploring.
There is an open door here.
There is a stone staircase leading down here.
You climb downwards.
The endoplasm quivers.
Found a broken altar of Ashenzari.
Found an escape hatch in the floor.
Found a stone staircase leading down.
There is a stone staircase leading up here.
The endoplasm freezes you.
You are frozen.
You slash the endoplasm!
You kill the endoplasm!
You have reached level 3!
Your experience leads to an increase in your attributes!
Increase (S)trength, (I)ntelligence, or (D)exterity?
You feel clever. x2
Saving game... please wait.
Welcome back, coffeetime the Hill Orc Fighter.
Press ? for a list of commands and other information.
Found a chain mail.
Found a stone staircase leading up.
A bat comes into view.
The bat hits you but does no damage. The bat completely misses you.
You block the bat's attack.
You barely miss the bat. The bat hits you but does no damage. The bat hits you.
You slash the bat!
You kill the bat!
You see here a bat corpse.
You see here a bat corpse.
Are you sure you want to abandon this character and quit the game? (Confirm with "yes".)

#....... .#.#
#......###.#.#
#............#
#............#
#.## #.......#
#..###.......#
#............# .
#..#.........#...#
#....#..†@.......#
#....#####.#.#.#.#
#...<...........
#......>.....[...
#.................
#.................
#......._......#.#
.#..........##.#
...>.........


There were no monsters in sight!

Vanquished Creatures
  A dart slug (D:1)
  3 ball pythons (D:1)
  A bat (D:2)
  3 endoplasms
  3 giant cockroaches (D:1)
  A goblin (D:1)
  2 hobgoblins (D:1)
  A frilled lizard (D:1)
  4 kobolds (D:1)
19 creatures vanquished.

Notes
Turn   | Place    | Note
-------+----------+-------------------------------------------
     0 | D:1      | coffeetime the Hill Orc Fighter began the quest for the
                  | Orb.
     0 | D:1      | Reached XP level 1. HP: 19/19 MP: 1/1
    62 | D:1      | Reached XP level 2. HP: 26/27 MP: 2/2
   435 | D:1      | Reached skill level 4 in Fighting
   814 | D:2      | Found a broken altar of Ashenzari.
   818 | D:2      | Reached XP level 3. HP: 33/33 MP: 3/3
   835 | D:2      | Quit the game

Illustrated notes

Levels and vault maps discovered:
D:1:      spicycebolla_arrival_xxxplode, layout_basic, corexii_leaking_fountain
D:2:      minmay_razor_zed, layout_basic, basic_altar,
          hellmonk_ecumenical_altar_pennies_from_heaven, uniq_crazy_yiuf_cottage

Skill      XL: |  1  2 |
---------------+-------+-----
Axes           | 3 |  3.2
Fighting       | 4 |  4.0
Armour         | |  3.6
Dodging        | |  0.1
Shields        | |  3.5

Action                     || total
---------------------------++-------
  Melee: War axe           ||    56
 Armour: Scale mail        ||    30
  Dodge: Dodged            ||    19
  Block: Buckler           ||    11
